 Dungeon Crawl Stone Soup version 0.23.2-1-ga50397a (webtiles) character file.

Game seed: 11967994989126354699

124 MalarOregon the Ruffian (level 5, -5/45 HPs)
             Began as a Ghoul Gladiator on May 29, 2019.
             Slain by Grinder (8 damage)
             ... on level 3 of the Dungeon.
             The game lasted 00:03:41 (2329 turns).

MalarOregon the Ruffian (Ghoul Gladiator)           Turns: 2329, Time: 00:03:41

Health: -5/45      AC:  5    Str: 24    XL:     5   Next: 8%
Magic:  5/5        EV: 13    Int:  3    God:
Gold:   146        SH:  0    Dex: 10    Spells: 5/5 levels left

rFire    . . .     SeeInvis .     - Unarmed
rCold    + + +     Gourm    .   (no shield)
rNeg     + + +     Faith    .   m - +1 robe {rC+}
rPois    ∞         Spirit   .   b - +0 helmet
rElec    .         Reflect  .   h - +0 cloak
rCorr    .         Harm     .   (no gloves)
MR       .....                  (no boots)
Stlth    +.........             (no amulet)
HPRegen  0.00/turn              o - ring of protection from cold
MPRegen  0.09/turn              (no ring)

@: mighty, rotting
A: rotting body, claws 1, carnivore, cold resistance 1, negative energy
resistance 3, inhibited regeneration, torment resistance, unbreathing
a: no special abilities


You were on level 3 of the Dungeon.
You were not hungry.

You visited 1 branch of the dungeon, and saw 3 of its levels.

You collected 146 gold pieces.

Inventory:

Missiles
 c - 3 throwing nets (quivered) {!f}
 f - 4 tomahawks
 j - 14 poisoned needles
Armour
 b - a +0 helmet (worn)
 h - a +0 cloak (worn)
   (You found it on level 1 of the Dungeon)
 m - a +1 robe of cold resistance (worn)
   (You took it off Jessica on level 3 of the Dungeon)
Jewellery
 g - a +3 ring of intelligence {unknown}
   (You found it on level 1 of the Dungeon)
 o - a ring of protection from cold (left claw)
   (You found it on level 1 of the Dungeon)
 r - an uncursed ring of see invisible {unknown}
   (You found it on level 2 of the Dungeon)
Potions
 i - a potion of berserk rage {unknown}
 k - a potion of heal wounds {unknown}
 n - a potion of flight
 q - a potion of ambrosia {unknown}
Comestibles
 e - 3 rations {!d}


   Skills:
 * Level 3.0 Fighting
 * Level 2.4 Throwing
 + Level 0.6 Armour
 * Level 3.3 Dodging
 + Level 1.0 Stealth
 * Level 4.2 Unarmed Combat
 + Level 0.6 Spellcasting


You had 5 spell levels left.
You didn't know any spells.
Your spell library was empty.

Dungeon Overview and Level Annotations

Branches:
Dungeon (3/15)

Altars:
Qazlal

Annotations:
D:3 Grinder


Innate Abilities, Weirdness & Mutations

Your body is rotting away.
You thrive on raw meat.
You are immune to poison.
You have sharp fingernails.
You are carnivorous and can eat meat at any time.
Your flesh is cold resistant. (rC+)
You are immune to negative energy. (rN+++)
You do not regenerate when monsters are visible.
You are immune to unholy pain and torment.
You can survive without breathing.


Message History

Grinder is nearby!
Grinder hits you!
Grinder is nearby!
You scratch Grinder.
Grinder blinks!
Grinder hits you!
You barely miss Grinder. Grinder hits you!
* * * LOW HITPOINT WARNING * * *
You feel very mighty all of a sudden. Grinder hits you!
* * * LOW HITPOINT WARNING * * *
You barely miss Grinder. Grinder hits you!
* * * LOW HITPOINT WARNING * * *
Eat one of 6 chunks of flesh? (ye/n/q)
You eat one of the 6 chunks of flesh.
This raw flesh tastes great!
Grinder hits you.
* * * LOW HITPOINT WARNING * * *
Eat one of 5 chunks of flesh? (ye/n/q)
You eat one of the 5 chunks of flesh.
This raw flesh tastes great!
Grinder hits you.
* * * LOW HITPOINT WARNING * * *
Eat one of 4 chunks of flesh? (ye/n/q)
You eat one of the 4 chunks of flesh.
This raw flesh tastes great!
Grinder hits you!
* * * LOW HITPOINT WARNING * * *
Eat one of 3 chunks of flesh? (ye/n/q)
You eat one of the 3 chunks of flesh.
This raw flesh tastes great!
Grinder hits you!
* * * LOW HITPOINT WARNING * * *
Eat one of 2 chunks of flesh? (ye/n/q)
You eat one of the 2 chunks of flesh.
This raw flesh tastes great!
Grinder closely misses you.
Eat a chunk of flesh? (ye/n/q)
You eat the chunk of flesh.
This raw flesh tastes great!
Grinder says, "Don't move a muscle."
Grinder hits you.
* * * LOW HITPOINT WARNING * * *
You claw Grinder! Grinder misses you.
You barely miss Grinder. Grinder closely misses you.
You barely miss Grinder. Grinder closely misses you.
You scratch Grinder. Grinder hits you but does no damage.
You barely miss Grinder. Grinder hits you.
* * * LOW HITPOINT WARNING * * *
You closely miss Grinder. Grinder closely misses you.
You barely miss Grinder. You claw Grinder! Grinder hits you!
* * * LOW HITPOINT WARNING * * *
You barely miss Grinder. Grinder barely misses you.
You closely miss Grinder. Grinder misses you.
You claw Grinder! Grinder hits you!
You die...

#######[#......#
.># #.#.####.#
#.# #.#.####.#
#.# #.#....#.#
#.#.###<####.#.#
#.#..........#.#
#.############.#
#.÷÷...........#
#@##############
#5.......
#.....######
#.....# #.....#
#.....# #.....#
#.....# #.....#


You could see Grinder.

Vanquished Creatures
  Jessica (D:3)
  Natasha (D:3)
  2 adders (D:2)
  An ooze (D:1)
  4 worms (D:2)
  2 dart slugs
  A leopard gecko (D:3)
  2 giant cockroaches
  8 goblins
  4 hobgoblins
  3 bats
  4 frilled lizards
  A kobold (D:1)
  7 rats
41 creatures vanquished.

Notes
Turn   | Place    | Note
-------+----------+-------------------------------------------
     0 | D:1      | MalarOregon the Ghoul Gladiator began the quest for the
                  | Orb.
     0 | D:1      | Reached XP level 1. HP: 17/17 MP: 0/0
   106 | D:1      | Reached XP level 2. HP: 24/25 MP: 1/1
   319 | D:1      | Reached XP level 3. HP: 27/30 MP: 2/2
  1438 | D:2      | Reached skill level 4 in Unarmed Combat
  1438 | D:2      | Reached XP level 4. HP: 35/37 MP: 3/3
  1441 | D:2      | Noticed an earth elemental
  1442 | D:2      | Found a stormy altar of Qazlal.
  1453 | D:2      | Noticed an air elemental
  1454 | D:2      | Noticed a water elemental
  1454 | D:2      | Noticed a fire elemental
  2012 | D:3      | Noticed Jessica
  2012 | D:3      | Noticed Grinder
  2061 | D:3      | Killed Jessica
  2197 | D:3      | Noticed Natasha
  2220 | D:3      | Killed Natasha
  2220 | D:3      | Reached skill level 1 in Stealth
  2220 | D:3      | Reached XP level 5. HP: 32/45 MP: 3/5
  2329 | D:3      | Slain by Grinder

Skill      XL: |  1  2  3  4 |
---------------+-------------+-----
Throwing       | 2 |  2.4
Dodging        | 3 |  3.3
Unarmed Combat | 4 |  4.2
Fighting       | 3 |  3.0
Stealth        | 1 |  1.0
Armour         | |  0.6
Spellcasting   | |  0.6

Action                   |  1- 3 |  4- 6 || total
-------------------------+-------+-------++-------
Melee: Unarmed           |   103 |    63 ||   166
       Punch             |     1 |       ||     1
  Use: Scroll            |     5 |     3 ||     8
       Potion            |       |     1 ||     1
 Stab: Sleeping          |     1 |       ||     1
  Eat: Chunk             |     6 |     7 ||    13
Armor: Leather armour    |    20 |     7 ||    27
       Robe              |       |     4 ||     4
Dodge: Dodged            |    60 |    29 ||    89
